 Dungeon Crawl Stone Soup version 0.30-a0-782-ge64f9170bb (webtiles) character file.

Game seed: 6203915834356142448

29 HammerPanzer the Covered (level 3, 31/32 HPs)
             Began as an Armataur Fighter on Feb 19, 2023.
             Quit the game on level 2 of the Dungeon.
             The game lasted 00:02:53 (656 turns).

HammerPanzer the Covered (Armataur Fighter)          Turns: 656, Time: 00:02:53

Health: 31/32      AC:  8    Str: 21    XL:     3   Next: 1%
Magic:  3/3        EV:  7    Int:  8    God:
Gold:   105        SH:  4    Dex: 11    Spells: 2/2 levels left

rFire   . . .      SeeInvis .    a - +0 war axe
rCold   . . .      Faith    .    c - +0 buckler
rNeg    . . .      Spirit   .    b - +0 scale mail
rPois   .          Reflect  .    (no helmet)
rElec   .          Harm     .    (no cloak)
rCorr   .          Roll     +    j - +0 pair of gloves
Will    .....                    (no barding) Stlth
                                 (no amulet)
HPRegen 0.25/turn                k - ring of flight
MPRegen 0.08/turn                (no ring)

@: flying
A: large, rugged brown scales 3, deformed body, armoured tail, roll, long
tongue, awkward tongue
a: no special abilities


You were on level 2 of the Dungeon.
You visited 1 branch of the dungeon, and saw 2 of its levels.

You collected 105 gold pieces.

Inventory:

Hand Weapons
 a - a +0 war axe (weapon)
Missiles
 e - 4 javelins (quivered)
 l - a throwing net
Armour
 b - a +0 scale mail (worn)
 c - a +0 buckler (worn)
 j - a +0 pair of gloves (worn)
Jewellery
 k - a ring of flight (left hand)
Potions
 d - a potion of might
 f - a potion of curing {unknown}
 m - a potion of cancellation {unknown}


   Skills:
 - Level 2.6 Fighting
 + Level 2.3 Axes
 + Level 1.2 Ranged Weapons
 - Level 3.6 Armour
 - Level 3.2 Shields


You had 2 spell levels left.
You didn't know any spells.
Your spell library was empty.

Dungeon Overview and Level Annotations

Branches:
Dungeon (2/15)

Altars:


Innate Abilities, Weirdness & Mutations

You are completely covered in rugged brown scales. (AC +3, +7% HP)
Armour fits poorly on your strangely shaped body.
You have a long armoured tail.
You roll when moving toward enemies. (Rampage)
Your long tongue fully drains potion bottles. (2x potion effects)
Your tongue gives you trouble enunciating. (1.5x scroll delay)


Message History

As you slowly read the scroll labelled TIOGUSKURYRUYTS, it crumbles to dust.
You feel momentarily disoriented.
It was a scroll of magic mapping.
Blink to where?
Press: ? - help, Dir - move target As you slowly read the scroll labelled SIESYNGOKK, it crumbles to dust.
It was a scroll of blinking.
Your surroundings suddenly seem different.
There is a stone staircase leading down here.
You fly downwards.
Found an escape hatch in the ceiling.
There is a stone staircase leading up here.
A ball python comes into view.
You roll towards the ball python!
Found a murky orange potion.
You slash the ball python!
You kill the ball python!
Found 14 gold pieces.
A giant cockroach comes into view.
You see here a murky orange potion.
A giant cockroach is nearby!
f - a murky orange potion You roll towards the giant cockroach!
You roll towards the giant cockroach!
Found 15 gold pieces.
You barely miss the giant cockroach.
The giant cockroach bites you but does no damage. x2
You closely miss the giant cockroach. You block the giant cockroach's attack.
The giant cockroach closely misses you.
You barely miss the giant cockroach.
The giant cockroach bites you but does no damage.
You barely miss the giant cockroach. The giant cockroach bites you.
The giant cockroach bites you but does no damage.
You closely miss the giant cockroach. You tail-slap the giant cockroach.
You kill the giant cockroach!
You have reached level 3!
Your experience leads to an increase in your attributes!
Increase (S)trength, (I)ntelligence, or (D)exterity?
You feel agile. x2
Saving game... please wait.
Welcome back, HammerPanzer the Armataur Fighter.
Press ? for a list of commands and other information.
Are you sure you want to abandon this character and quit the game? (Confirm with "yes".)

###+## ## ####
#.... .# #
#...##.#.###.##.#
#...............#
###....#....#..###
$..............#
.......@....#.##
.........#.##.#
###...$######.#
#....######.#
#.......<..<#
#############


There were no monsters in sight!

Vanquished Creatures
  5 bats (D:1)
  2 endoplasms (D:1)
  2 giant cockroaches
  6 goblins (D:1)
  3 hobgoblins (D:1)
  5 ball pythons
  A kobold (D:1)
24 creatures vanquished.

Notes
Turn   | Place    | Note
-------+----------+-------------------------------------------
     0 | D:1      | HammerPanzer the Armataur Fighter began the quest for the
                  | Orb.
     0 | D:1      | Reached XP level 1. HP: 19/19 MP: 1/1
    90 | D:1      | Reached XP level 2. HP: 26/26 MP: 2/2
   193 | D:1      | Reached skill level 1 in Ranged Weapons
   656 | D:2      | Reached XP level 3. HP: 31/32 MP: 3/3
   656 | D:2      | Quit the game

Illustrated notes

Levels and vault maps discovered:
D:1:      erik_arrival_blinker_ship, layout_loops_ring
D:2:      cheibrodos_old_hovel, layout_loops_corners, basic_altar, serial_shops,
          nicolae_square_shop, grunt_decor_cap

Skill      XL: |  1  2 |
---------------+-------+-----
Axes           | 2 |  2.3
Ranged Weapons | 1 |  1.2
Fighting       | |  2.6
Armour         | |  3.6
Shields        | |  3.2

Action                     || total
---------------------------++-------
  Melee: War axe           ||    49
         Tailslap          ||     5
  Throw: Javelin           ||     2
    Use: Scroll            ||     4
 Armour: Scale mail        ||    23
  Dodge: Dodged            ||    13
  Block: Buckler           ||     7

Table legend: (Time is in decaauts)
 A = Elapsed time spent in this place.
 B = Non-inter-level travel time spent in this place.
 C = Inter-level travel time spent in this place.
 D = Time resting spent in this place.
 E = Time spent auto-exploring this place.
 F = Levels seen in this place.
 G = Mean time per level.
                   A        B        C        D        E       F      G
               +--------+--------+--------+--------+--------+-----+--------+
         Total |    680 |    667 |     13 |     14 |    453 |   2 |  340.0 |
       Dungeon |    680 |    667 |     13 |     14 |    453 |   2 |  340.0 |
               +--------+--------+--------+--------+--------+-----+--------+

Top non-repeatable levels by time:
     D:1: 660 daAuts
     D:2: 19 daAuts
